 Dungeon Crawl Stone Soup version 0.29-a0-1027-gcd8c55af63 (webtiles) character file.

Game seed: 12737696970174632424

54 porpoise the Stinger (level 3, -2/21 HPs)
             Began as an Octopode Venom Mage on Aug 14, 2022.
             Killed by divine providence
             ... invoked by an orc priest
              (7 damage)
             ... on level 3 of the Dungeon.
             The game lasted 00:06:58 (2986 turns).

porpoise the Stinger (Octopode Venom Mage)          Turns: 2986, Time: 00:06:59

Health: -2/21      AC:  1    Str:  7    XL:     3   Next: 91%
Magic:  5/6        EV: 13    Int: 19    God:
Gold:   65         SH:  4    Dex: 18    Spells: 0/6 levels left

rFire   . . .      SeeInvis .   a - +2 dagger (venom)
rCold   . . .      Faith    .   s - +0 buckler
rNeg    . . .      Spirit   .   (helmet restricted)
rPois   .          Reflect  .   (no amulet)
rElec   .          Harm     .   i - +6 ring of dexterity
rCorr   .          Rampage  .   (no ring)
Will    .....                   (no ring)
Stlth   ++++......              (no ring)
HPRegen 0.07/turn               (no ring)
MPRegen 0.10/turn               (no ring)
                                (no ring)
                                (no ring)

@: no status effects
A: almost no armour, amphibious, 8 rings, camouflage 1, gelatinous body 1,
(nimble swimmer 1), tentacles
a: no special abilities


You were on level 3 of the Dungeon.
You visited 1 branch of the dungeon, and saw 3 of its levels.

You collected 65 gold pieces.

Inventory:

Hand Weapons
 a - a +2 dagger of venom (weapon)
 b - a +0 sling
 m - a +0 short sword
Missiles
 h - 6 silver boomerangs
 p - 3 boomerangs
Armour
 s - a +0 buckler (worn)
Jewellery
 i - a +6 ring of dexterity (left tentacle)
 u - a ring of ice
Scrolls
 d - a scroll of teleportation
 g - a scroll of butterflies {unknown}
 j - a scroll of enchant weapon {unknown}
 l - a scroll of amnesia {unknown}
 q - a scroll of identify
 r - a scroll of summoning {unknown}
Potions
 c - 2 potions of flight
 e - a potion of magic
 f - a potion of brilliance
 k - a potion of attraction
 n - a potion of lignification
 o - a potion of heal wounds
 t - 2 potions of mutation


   Skills:
 + Level 0.2 Short Blades
 - Level 2.0 Dodging
 + Level 3.5 Stealth
 - Level 2.0 Spellcasting
 * Level 2.3 Transmutations
 * Level 4.5 Poison Magic


You couldn't memorise any spells.
You knew the following spells:

 Your Spells              Type           Power      Damage    Failure   Level
a - Sting                 Tmut/Pois      56%        1d5       5%          1
b - Poisonous Vapours     Pois/Air       20%        N/A       14%         2
c - Mephitic Cloud        Conj/Pois/Air  7%         N/A       36%         3

Your spell library contained the following spells:

 Spells                   Type           Power      Damage    Failure   Level
 Olgreb's Toxic Radiance  Pois           19%        N/A       34%         4


Dungeon Overview and Level Annotations

Branches:
Dungeon (3/15)

Altars:


Innate Abilities, Weirdness & Mutations

You cannot wear most types of armour.
You are amphibious.
You can wear up to eight rings at the same time.
Your skin changes colour to match your surroundings (Stealth+).
Your rubbery body absorbs attacks. (AC +1, EV +1)
((You are camouflaged when in or above water. (Stealth+)))
You have tentacles for arms and can constrict up to eight enemies at once.


Message History

An orc priest comes into view. It is wielding a +0 hand axe.
u - a ring of ice
Found a stone staircase leading down.
An orc comes into view. It is wielding a +0 dagger.
An orc comes into view. It is wielding a +0 flail.
Casting: Sting (safe; 5% risk of failure)
Confirm with . or Enter, or press ? or * to list all spells.
The spell is astonishingly dangerous to miscast (36% risk of failure)!
Continue anyway?
Okay, then.
Unknown command.
The orc priest shouts!
The orc shouts! x2
The orc priest closely misses you.
You barely miss the orc priest. Your grab misses the orc priest.
The orc priest calls down the wrath of Beogh upon you.
Pain shoots through your body!
You closely miss the orc priest. You grab the orc priest.
Your squeeze misses the orc priest. You constrict the orc priest.
The orc barely misses you.
The orc priest hits you with a +0 hand axe!
Unknown command.
Casting: Mephitic Cloud (astonishingly dangerous; 36% risk of failure)
Confirm with . or Enter, or press ? or * to list all spells.
Aiming: Sting (safe; 5% risk of failure)
Press: ? - help, Shift-Dir - straight line, f - orc priest
Aim: an orc priest, wielding a +0 hand axe (lightly wounded, constricted by you, 100% to hit)
The sting hits the orc priest.
The orc priest is poisoned.
The orc priest is lightly wounded.
You constrict the orc priest. You block the orc's attack.
The orc closely misses you.
The orc priest mumbles some strange prayers to Beogh against you.
Pain shoots through your body!
* * * LOW HITPOINT WARNING * * *
You hit the orc.
The orc is poisoned.
You grab the orc. You squeeze the orc.
The orc is severely wounded.
You constrict the orc, but do no damage.
You constrict the orc priest. The orc barely misses you.
The orc completely misses you.
The orc priest mumbles some strange prayers to Beogh against you.
Beogh smites you!
You die...

#....#.### ###..#...# ###
...##.#.## #.###..######..
### #.#..# #.# #.........#
#..#.# #.# #..##...###
####.#.######.# ##...>#....
...............#####........
.....................####...
...............####### ####
...........@o..#
...........oo..#
..>............#
...............#
..............#
................
.....#######.### .... ..


You could see an orc priest (poisoned) and 2 orcs.

Vanquished Creatures
  A gnoll (D:1)
  2 adders
  2 bats
  4 endoplasms
  A giant cockroach (D:1)
  A goblin (D:2)
  2 hobgoblins
  2 jackals (D:3)
  2 kobolds (D:2)
  2 ball pythons (D:2)
  5 frilled lizards
  4 rats
28 creatures vanquished.

Notes
Turn   | Place    | Note
-------+----------+-------------------------------------------
     0 | D:1      | porpoise the Octopode Venom Mage began the quest for the
                  | Orb.
     0 | D:1      | Reached XP level 1. HP: 11/11 MP: 3/3
   146 | D:1      | You fall into a shaft and drop 1 floor!
   298 | D:1      | Reached skill level 4 in Poison Magic
   298 | D:1      | Reached XP level 2. HP: 10/17 MP: 5/5
   528 | D:1      | Learned a level 2 spell: Poisonous Vapours
  1108 | D:2      | Reached XP level 3. HP: 21/21 MP: 3/6
  1152 | D:2      | HP: 1/21 [hobgoblin/+0 whip (1)]
  2223 | D:2      | Found a faded altar of an unknown god.
  2747 | D:3      | Learned a level 3 spell: Mephitic Cloud
  2986 | D:3      | Killed from afar by an orc priest

Illustrated notes

Levels and vault maps discovered:
D:1:      dpeg_arrival_rhombi, layout_loops_ring
D:2:      layout_basic, ebering_ecumenical_altar_petrified,
          kennysheep_cross_room
D:3:      layout_rooms

Skill      XL: |  1  2 |
---------------+-------+-----
Stealth        | 3 |  3.5
Poison Magic   | 4 |  4.5
Transmutations | 2 |  2.3
Short Blades   | |  0.2
Dodging        | |  2.0
Spellcasting   | |  2.0

Action                   || total
-------------------------++-------
Melee: Short sword       ||    26
       Constrict         ||    12
       Tentacles         ||    15
       Dagger            ||    23
       Punch             ||     1
 Fire: Sling             ||    13
 Cast: Sting             ||     6
       Poisonous Vapours ||     1
  Use: Scroll            ||     5
       Potion            ||     2
 Stab: Sleeping          ||     8
Armor: Skin              ||     4
Dodge: Dodged            ||    35
Block: Buckler           ||     1

Table legend: (Time is in decaauts)
 A = Elapsed time spent in this place.
 B = Non-inter-level travel time spent in this place.
 C = Inter-level travel time spent in this place.
 D = Time resting spent in this place.
 E = Time spent auto-exploring this place.
 F = Levels seen in this place.
 G = Mean time per level.
                   A        B        C        D        E       F      G
               +--------+--------+--------+--------+--------+-----+--------+
         Total |   2986 |   2958 |     28 |   1134 |   1503 |   3 |  995.3 |
       Dungeon |   2986 |   2958 |     28 |   1134 |   1503 |   3 |  995.3 |
               +--------+--------+--------+--------+--------+-----+--------+

Top non-repeatable levels by time:
     D:2: 1390 daAuts
     D:1: 955 daAuts
     D:3: 639 daAuts
